AoeStats
← bugger

Arena

511025320Analyzed
2v2 RM · 4h ago on Oct 3, 2026· 46m 32s· 4 players
Game mode
Random Map
Map size
Medium (4 player)
Population
200
Speed
Normal
Resources
Standard
Victory
Conquest
Starting age
Dark Age
Ending age
Imperial Age
RankedLock teamsTeams togetherTeam positionsShared explorationLock speedFull tech treeHidden civsTurbo modeCheats
Victory
Defeat
🇧🇷 Turks · Brazil
859
+18
🇺🇸 Italians · United States
847
+18
🇹🇷 Spanish · Türkiye
937
-60
🇹🇷 Bohemians · Türkiye
853
-16
tstien40
0:39 Loom
11:55 Feudal Age
13:10 Horse Collar
18:55 Castle Age
16:59 Double-Bit Axe
23:05 Pikeman
28:05 Heavy Plow
32:31 Imperial Age
32:32 Wheelbarrow
32:28 Squires
32:14 Arson
33:06 Forging
32:47 Fletching
32:58 Scale Mail Armor
32:59 Padded Archer Armor
33:02 Gold Mining
33:02 Stone Mining
33:26 Bow Saw
33:57 Conscription
35:21 Thumb Ring
35:59 Iron Casting
35:19 Bodkin Arrow
35:40 Chain Mail Armor
36:16 Crop Rotation
36:59 Chemistry
37:17 Two-Man Saw
36:55 Hand Cart
37:03 Elite Skirmisher
38:06 Ballistics
37:52 Bracer
38:08 Leather Archer Armor
38:54 Blast Furnace
38:42 Stone Shaft Mining
39:17 Murder Holes
39:33 Masonry
39:04 Treadmill Crane
39:58 Plate Mail Armor
41:03 Ring Archer Armor
41:07 Elite Genoese Crossbowman
42:02 Onager
aroldera
8:55 Loom
11:05 Feudal Age
16:06 Castle Age
14:53 Double-Bit Axe
21:26 Bloodlines
23:48 Wheelbarrow
28:36 Hand Cart
31:17 Imperial Age
31:13 Bow Saw
30:56 Gold Mining
32:24 Horse Collar
34:16 Heavy Plow
34:38 Elite Janissary
36:24 Conscription
38:21 Artillery
39:32 Ballistics
43:26 Bombard Tower
BurakEmmi31
10:54 Feudal Age
15:10 Castle Age
13:31 Double-Bit Axe
13:36 Horse Collar
18:25 Forging
23:11 Iron Casting
21:58 Light Cavalry
24:08 Scale Mail Armor
25:32 Bow Saw
25:23 Heavy Plow
27:18 Wheelbarrow
29:24 Hand Cart
31:54 Chain Mail Armor
34:15 Imperial Age
32:10 Town Watch
32:21 Loom
32:30 Pikeman
33:11 Squires
32:56 Arson
33:14 Husbandry
34:09 Town Patrol
35:20 Conscription
36:10 Chemistry
35:31 Ballistics
35:59 Masonry
36:16 Hussite Reforms
37:24 Two-Man Saw
37:40 Houfnice
37:46 Houfnice
40:01 Blast Furnace
39:32 Plate Mail Armor
40:16 Wagenburg Tactics
41:07 Scale Barding Armor
40:28 Cavalier
42:21 Siege Engineers
42:27 Masonry
bugger
11:02 Feudal Age
13:22 Wheelbarrow
17:24 Double-Bit Axe
19:54 Castle Age
18:46 Scale Barding Armor
20:00 Bloodlines
21:44 Forging
23:42 Light Cavalry
24:49 Chain Barding Armor
28:08 Husbandry
27:35 Pikeman
28:56 Iron Casting
30:11 Fletching
30:22 Scale Mail Armor
30:22 Padded Archer Armor
31:48 Wheelbarrow
30:58 Town Watch
31:01 Loom
33:53 Hand Cart
33:39 Town Patrol
39:28 Imperial Age
39:19 Bodkin Arrow
39:39 Leather Archer Armor
39:39 Chain Mail Armor
39:14 Gambesons
39:30 Squires
39:19 Arson
39:39 Caravan
40:12 Coinage
40:57 Plate Barding Armor
40:26 Cavalier
42:57 Thumb Ring
Connection lost

Rejoining the realm…

Still unreachable

The connection could not be restored.

Session expired

The server has moved on; the page needs a fresh start.